Map: Arctic Dream LE

Players

wedry

  • Race: Terran Terran
  • Spawn Location: 11:00

ESD

  • Race: Protoss Protoss
  • League: Silver
  • Spawn Location: 12:00

BOJ - Winner!

  • Race: Terran Terran
  • Spawn Location: 5:00

grillbottom - Winner!

  • Race: Terran Terran
  • Spawn Location: 6:00

VOD

Have the link to the VOD?

Description

Time

  • Played on: Dec. 13, 2020, 11:50 a.m.
  • Length: 30:23
Show
View Real Time Build Order
Export as new Build Order

wedry Terran 

Build Orders:  

Get SALT Encoding   

  12  0:16  Supply Depot  
  12  0:42  Barracks  
  12  1:31  Supply Depot  
  12  1:56  Marine  
  13  2:14  Marine  
  14  2:32  Marine  
  14  2:35  Supply Depot  
  15  2:50  Refinery, Marine  
  16  3:08  Marine  
  16  3:10  Orbital Command  
  17  3:15  Refinery  
  17  3:26  Marine  
  18  3:40  Engineering Bay  
  18  3:44  Command Center  
  17  4:09  SCV  
  17  4:21  SCV  
  18  4:33  SCV  
  20  4:45  SCV  
  20  5:11  SCV  
  21  5:44  Orbital Command  
  21  6:00  Factory  
  21  6:35  Missile Turret  
  21  6:53  Barracks Tech Lab  
  21  6:57  Missile Turret  
  21  7:25  Factory Tech Lab  
  21  7:29  Factory  
  21  7:55  SCV  
  22  8:07  SCV  
  23  8:14  Factory  
  23  8:15  Factory Tech Lab  
  23  8:19  SCV  
  24  8:31  SCV  
  25  8:39  Marauder  
  27  8:43  SCV  
  28  8:59  Armory  
  28  9:00  Marauder  
  28  9:02  Refinery  
  30  9:22  Marauder  
  32  9:28  Refinery  
  32  9:42  Factory Reactor  
  32  9:46  Factory Tech Lab  
  32  9:51  Marauder  
  34  10:07  Thor x2  
  34  10:08  Thor  
  34  10:13  Marauder  
  54  10:34  Marauder, SCV  
  57  10:46  SCV  
  58  10:50  Thor x2  
  70  11:05  Barracks  
  70  11:12  SCV  
  71  11:24  SCV  
  72  11:37  SCV  
  73  11:53  Barracks  
  73  12:01  Command Center  
  67  13:10  Marine x3  
  70  13:19  SCV  
  70  13:28  Marine x3  
  70  13:31  SCV  
  74  13:39  Planetary Fortress  
  70  13:43  SCV  
  70  13:46  Marine x3  
  72  14:04  Thor x3  
  90  14:18  Supply Depot  
  90  14:29  SCV  
  91  14:40  Supply Depot  
  91  14:41  SCV  
  92  14:47  Thor  
  92  14:50  Barracks Reactor  
  98  14:53  SCV  
  99  15:01  Barracks Reactor  
  99  15:02  Barracks Reactor  
  99  15:06  SCV  
  100  15:18  SCV  
  101  15:25  Terran Ship Weapons Level 1  
  101  16:16  Marine  
  101  16:17  Marine x5  
  107  16:31  Supply Depot  
  107  16:34  Marine x2  
  109  16:52  Marine x6  
  109  16:53  Supply Depot  
  115  17:01  SCV  
  116  17:10  Marine  
  116  17:14  Marine x5  
  116  17:15  SCV  
  123  17:16  Supply Depot  
  123  17:20  Terran Vehicle And Ship Armor Level 1  
  122  17:27  SCV  
  122  17:28  Marine  
  124  17:32  Marine  
  125  17:37  Marine x2  
  125  17:39  SCV  
  128  17:47  Terran Infantry Weapons Level 1  
  129  17:51  SCV  
  129  17:54  Smart Servos  
  129  18:20  Supply Depot  
  129  18:42  Supply Depot  
  129  19:12  Infernal Pre-Igniter  
  129  19:14  Terran Vehicle Weapons Level 1  
  129  19:49  Starport  
  129  20:19  Thor x2  
  129  20:20  Thor  
  146  20:31  Mag-Field Accelerator  
  146  20:34  Supply Depot  
  146  20:58  Supply Depot  
  146  21:02  Thor  
  152  21:08  Terran Ship Weapons Level 2  
  152  21:19  Thor x2  
  164  21:33  Supply Depot  
  164  21:42  Supply Depot  
  164  21:55  Thor  
  164  21:56  Supply Depot  
  170  22:03  Thor  
  170  22:04  Supply Depot  
  176  22:11  Drilling Claws  
  176  22:17  Thor  
  182  22:32  Command Center  
  182  22:38  SCV  
  189  22:50  SCV  
  190  23:03  SCV  
  197  23:15  SCV  
  186  23:27  SCV  
  186  23:28  Terran Vehicle And Ship Armor Level 2  
  187  23:39  Starport Tech Lab  
  187  24:00  Raven  
  189  24:57  Raven  
  90  25:31  Siege Tank x3  
  51  25:42  SCV  
  54  25:51  Marine x2  
  57  26:03  Siege Tank x3  
  49  26:35  Siege Tank  
Show
View Real Time Build Order
Export as new Build Order

ESD Protoss 

Build Orders:  

Get SALT Encoding   

  12  0:01  Probe  
  13  0:17  Pylon  
  13  0:20  Probe  
  14  0:24  Pylon  
  14  0:44  Gateway  
  14  0:49  Assimilator  
  14  0:56  Probe  
  15  1:08  Probe  
  16  1:20  Probe  
  16  1:24  Pylon  
  17  2:07  Probe  
  18  2:12  Assimilator  
  18  2:17  Cybernetics Core  
  18  2:19  Gateway  
  18  2:23  Probe (Chrono Boost)  
  19  2:33  Probe (Chrono Boost)  
  20  2:38  Probe (Chrono Boost)  
  20  2:40  Pylon  
  20  2:41  Pylon  
  21  2:55  Warp Gate  
  21  3:35  Stargate  
  21  3:36  Stargate  
  21  3:40  Stargate  
  21  3:44  Pylon  
  21  3:47  Pylon  
  21  3:56  Nexus  
  21  3:58  Assimilator  
  21  4:00  Assimilator  
  21  4:27  Pylon  
  21  4:29  Pylon  
  21  4:39  Fleet Beacon  
  21  4:44  Stalker x2  
  25  5:11  Probe (Chrono Boost)  
  26  5:21  Probe (Chrono Boost)  
  27  5:23  Anion Pulse-Crystals  
  27  5:26  Probe (Chrono Boost)  
  28  5:33  Probe (Chrono Boost)  
  31  5:43  Probe x2 (Chrono Boost)  
  31  5:48  Probe (Chrono Boost)  
  31  5:49  Probe  
  33  5:52  Zealot  
  33  5:53  Zealot  
  37  6:01  Probe  
  38  6:13  Probe  
  39  6:21  Stalker  
  39  6:22  Stalker  
  43  6:26  Probe (Chrono Boost)  
  44  6:38  Probe (Chrono Boost)  
  45  6:44  Probe (Chrono Boost)  
  46  6:50  Zealot x2  
  46  6:52  Probe  
  47  7:04  Probe  
  44  7:18  Stalker  
  46  7:28  Probe (Chrono Boost)  
  42  7:38  Probe (Chrono Boost)  
  42  7:43  Probe (Chrono Boost)  
  42  7:48  Protoss Air Armor Level 1  
  43  7:54  Probe  
  43  7:55  Phoenix  
  43  7:56  Phoenix x2  
  50  8:20  Phoenix  
  50  8:21  Phoenix x2  
  56  8:40  Nexus  
  56  8:44  Assimilator  
  56  8:45  Phoenix x3  
  56  8:48  Assimilator  
  62  8:57  Pylon  
  62  8:58  Pylon  
  61  9:15  Robotics Facility  
  61  9:43  Probe  
  62  10:00  Pylon  
  62  10:06  Observer (Chrono Boost)  
  51  10:22  Observer (Chrono Boost)  
  51  10:27  Phoenix x2  
  51  10:28  Phoenix  
  58  10:31  Stalker  
  60  10:39  Observer  
  61  10:44  Stalker  
  63  10:52  Phoenix  
  63  10:56  Stalker  
  64  11:01  Observer  
  64  11:13  Pylon  
  64  11:17  Phoenix, Pylon  
  66  11:19  Pylon  
  66  11:22  Observer, Phoenix  
  66  11:25  Phoenix  
  64  11:42  Phoenix  
  64  11:47  Phoenix  
  68  11:48  Probe  
  68  11:50  Phoenix  
  71  12:00  Probe  
  70  12:07  Phoenix  
  72  12:11  Phoenix  
  72  12:15  Phoenix  
  76  12:31  Stalker  
  76  12:32  Stalker, Phoenix  
  76  12:36  Phoenix  
  84  12:40  Phoenix  
  86  12:57  Phoenix  
  88  13:01  Phoenix  
  88  13:05  Phoenix  
  92  13:13  Probe (Chrono Boost)  
  93  13:22  Phoenix  
  93  13:24  Probe (Chrono Boost)  
  93  13:26  Phoenix  
  98  13:28  Probe (Chrono Boost)  
  98  13:30  Phoenix  
  101  13:39  Probe  
  102  13:44  Pylon  
  102  13:46  Pylon  
  102  13:47  Observer, Phoenix  
  104  13:51  Phoenix, Probe, Pylon  
  104  13:55  Phoenix  
  117  14:07  Mothership (Chrono Boost)  
  117  14:12  Phoenix  
  117  14:16  Phoenix  
  121  14:20  Stalker x2, Phoenix  
  127  14:36  Probe (Chrono Boost)  
  127  14:37  Phoenix  
  130  14:41  Phoenix  
  130  14:45  Phoenix  
  135  14:46  Probe (Chrono Boost)  
  135  14:51  Probe (Chrono Boost)  
  136  15:02  Probe, Phoenix  
  136  15:06  Phoenix, Forge  
  141  15:17  Pylon  
  141  15:18  Pylon x2  
  141  15:24  Pylon  
  141  15:35  Probe, Phoenix x3, Pylon  
  148  15:40  Pylon  
  148  15:43  Photon Cannon  
  148  15:45  Photon Cannon  
  148  15:47  Photon Cannon  
  148  15:50  Photon Cannon  
  148  15:55  Photon Cannon  
  148  16:00  Phoenix x2  
  147  16:34  Observer  
  147  16:41  Phoenix  
  147  16:42  Phoenix x2  
  153  16:52  Stalker x2  
  157  17:06  Phoenix  
  157  17:07  Phoenix x2  
  159  17:17  Stalker x2  
  163  17:31  Phoenix  
  163  17:32  Phoenix x2  
  169  17:56  Phoenix  
  169  17:57  Phoenix x2  
  175  18:17  Nexus  
  175  18:21  Phoenix  
  175  18:22  Phoenix  
  175  18:23  Assimilator  
  179  18:27  Assimilator  
  179  18:31  Pylon  
  179  18:33  Pylon  
  179  18:34  Phoenix  
  181  18:46  Phoenix  
  183  18:59  Phoenix  
  185  19:05  Photon Cannon  
  185  19:06  Photon Cannon  
  185  19:08  Photon Cannon  
  185  19:09  Photon Cannon  
  185  19:11  Phoenix  
  187  19:24  Phoenix  
  189  19:35  Observer  
  189  19:36  Phoenix  
  192  19:49  Phoenix  
  194  19:56  Observer  
  195  20:01  Phoenix  
  195  20:14  Phoenix  
  195  20:18  Observer  
  198  20:39  Observer  
  195  21:01  Observer  
  184  22:56  Robotics Bay  
  184  23:53  Pylon  
  184  23:54  Assimilator  
  184  23:58  Assimilator  
  184  23:59  Pylon  
  184  24:03  Pylon  
  184  24:10  Nexus  
  184  24:26  Gravitic Boosters  
  90  25:31  Void Ray x3  
  86  26:08  Void Ray x2 (Chrono Boost)  
  86  26:09  Void Ray (Chrono Boost)  
  84  26:42  Void Ray (Chrono Boost)  
  84  26:43  Void Ray x2 (Chrono Boost)  
  96  27:12  Void Ray  
  100  27:27  Void Ray  
  100  27:29  Void Ray  
  108  27:49  Void Ray  
  112  28:04  Void Ray  
  112  28:06  Void Ray  
  120  28:26  Void Ray  
  124  28:41  Void Ray  
  120  28:43  Void Ray  
  70  29:31  Immortal (Chrono Boost)  
  70  29:41  Photon Cannon  
Show
View Real Time Build Order
Export as new Build Order

BOJ Terran - Winner!

Build Orders: Mech 

Get SALT Encoding   

  12  0:12  Supply Depot  
  12  0:15  SCV  
  13  0:27  SCV  
  14  0:39  SCV  
  15  0:47  Barracks  
  15  0:52  SCV  
  16  0:59  Supply Depot  
  16  1:04  SCV  
  17  1:36  Command Center  
  17  1:48  SCV  
  17  1:49  Refinery  
  17  1:52  Refinery  
  18  2:02  Marine  
  19  2:20  Marine  
  20  2:24  SCV  
  21  2:36  SCV  
  22  2:46  Reaper  
  22  2:48  SCV  
  24  2:51  Engineering Bay  
  24  2:52  Factory  
  24  2:55  SCV  
  25  3:00  SCV  
  26  3:07  Supply Depot, SCV  
  27  3:12  SCV  
  27  3:18  Marine  
  27  3:19  SCV  
  30  3:32  SCV  
  31  3:39  Missile Turret  
  31  3:44  SCV x2  
  33  3:55  Missile Turret  
  33  3:56  SCV  
  33  3:58  Factory Reactor  
  34  4:03  Missile Turret  
  34  4:04  Sensor Tower  
  34  4:08  SCV  
  35  4:18  Missile Turret  
  35  4:30  Missile Turret  
  34  5:12  Orbital Command  
  34  5:13  Factory  
  34  5:19  SCV  
  35  5:25  Refinery  
  35  5:26  Refinery  
  35  5:28  Widow Mine x2  
  39  5:31  SCV  
  39  5:33  Factory  
  40  5:36  Marine  
  41  5:45  Supply Depot  
  41  5:54  Widow Mine x2, Marine  
  46  6:06  Factory Tech Lab  
  46  6:12  Marine  
  46  6:16  Widow Mine x2  
  46  6:17  Factory Tech Lab  
  51  6:29  Marine, Siege Tank  
  55  6:37  Widow Mine x2, Siege Tank  
  62  6:59  Widow Mine x2  
  66  7:09  Siege Tank x2  
  72  7:20  Widow Mine x2  
  75  7:33  Marine  
  78  7:44  Widow Mine  
  78  7:48  Supply Depot  
  78  8:10  Widow Mine, Marine  
  81  8:18  Missile Turret  
  81  8:22  Siege Tank  
  84  8:30  Siege Tank  
  84  8:33  Supply Depot  
  87  8:36  Orbital Command  
  87  8:42  Armory  
  87  8:47  Marine  
  88  9:04  Marine  
  89  9:14  Siege Tank  
  96  9:17  Widow Mine x2  
  96  9:20  Siege Tank  
  96  9:22  Marine  
  100  9:37  Sensor Tower  
  100  9:41  Widow Mine  
  104  9:53  Widow Mine  
  104  9:59  Supply Depot  
  104  10:01  Marine  
  105  10:21  Supply Depot  
  103  10:45  Supply Depot  
  97  11:12  Widow Mine x2  
  97  11:14  Thor x2  
  97  11:17  Marine  
  114  11:26  Supply Depot  
  110  11:33  Widow Mine x2  
  114  11:50  Missile Turret  
  114  11:54  Widow Mine  
  114  11:55  Widow Mine  
  114  11:57  Thor x2  
  126  12:12  Missile Turret  
  126  12:21  Supply Depot  
  126  12:28  Widow Mine x2  
  128  12:37  Missile Turret  
  128  12:40  Thor  
  134  12:57  Thor  
  130  12:58  Missile Turret  
  130  13:44  Thor  
  130  13:45  Thor  
  146  13:48  Widow Mine x2  
  146  14:09  Command Center  
  146  14:10  Widow Mine x2  
  148  14:34  Widow Mine  
  150  14:42  Widow Mine  
  152  14:58  Siege Tank  
  161  15:02  Widow Mine  
  161  15:03  Widow Mine  
  161  16:55  Widow Mine x2  
  161  17:00  Supply Depot  
  163  17:09  SCV  
  162  17:16  Widow Mine x2  
  162  17:21  SCV  
  167  17:33  SCV  
  166  17:45  SCV  
  167  17:57  SCV  
  168  18:49  Widow Mine x2  
  172  18:56  Supply Depot  
  172  19:04  Refinery  
  172  19:06  Refinery  
  172  19:10  Sensor Tower  
  172  19:17  Missile Turret  
  172  19:19  Missile Turret, SCV  
  173  19:31  SCV  
  174  19:40  Missile Turret  
  174  19:41  Missile Turret  
  175  19:47  Planetary Fortress  
  170  20:23  Siege Tank  
  173  20:39  Hellion x2  
  177  20:45  Command Center  
  175  20:52  Missile Turret  
  173  20:58  Refinery x2  
  173  21:03  Missile Turret x3  
  173  21:08  Sensor Tower  
  171  22:07  Planetary Fortress  
  171  22:15  Command Center  
  167  22:36  Thor  
  173  23:17  Thor  
  173  23:35  SCV  
  174  23:46  Missile Turret  
  174  23:47  Missile Turret, SCV  
  175  23:51  Thor  
  181  23:59  SCV  
  182  24:12  SCV  
  182  24:13  Widow Mine x2  
  158  26:40  Thor x2  
  170  27:23  Thor  
  176  27:46  Thor  
  179  28:05  Thor  
  185  28:28  Thor  
Show
View Real Time Build Order
Export as new Build Order

grillbottom Terran - Winner!

Build Orders:  

Get SALT Encoding   

  12  0:00  SCV  
  13  0:14  SCV  
  14  0:28  SCV  
  14  0:30  Supply Depot  
  15  0:51  SCV  
  16  1:00  Refinery, Barracks  
  16  1:04  SCV  
  17  1:16  SCV  
  18  1:28  SCV  
  19  1:40  SCV  
  20  2:13  Command Center  
  20  2:14  Orbital Command  
  20  2:26  Supply Depot  
  20  2:31  Marine  
  21  2:47  SCV  
  21  2:50  Refinery  
  22  2:56  Marine  
  23  3:02  SCV  
  24  3:10  Factory  
  24  3:13  Refinery  
  24  3:16  SCV  
  25  3:25  Ghost Academy  
  25  3:47  SCV  
  26  3:56  Engineering Bay  
  26  4:05  Barracks  
  26  4:16  Barracks Tech Lab  
  26  4:23  SCV  
  27  4:36  SCV  
  28  4:48  SCV  
  29  4:56  Personal Cloaking  
  29  5:00  SCV  
  30  5:12  SCV  
  31  5:14  Barracks  
  31  5:18  Starport  
  31  5:24  Stimpack  
  31  5:29  Orbital Command  
  31  5:34  Terran Infantry Weapons Level 1  
  31  5:35  Marine  
  32  5:48  Barracks  
  32  6:03  Marine  
  33  6:17  Marine  
  34  6:21  Ghost  
  36  6:28  Supply Depot  
  36  6:31  Marine  
  37  6:35  Marine  
  38  6:41  Barracks  
  38  6:42  Nuke  
  37  6:49  Marine  
  37  6:51  Supply Depot  
  32  7:09  Marine  
  32  7:27  Medivac, Marine  
  35  7:45  Marine  
  36  7:57  Medivac  
  38  7:59  Marine  
  38  8:01  Marine  
  38  8:02  Marine  
  38  8:03  Marine  
  42  8:17  Marine  
  42  8:19  Marine  
  44  8:20  Marine  
  44  8:21  Marine  
  46  8:38  Marine  
  47  8:56  Marine  
  47  8:59  Marine  
  47  9:00  Marine  
  50  9:13  Nuke  
  50  9:14  Marine  
  51  9:17  Marine  
  51  9:18  Marine  
  53  9:27  Ghost Academy  
  53  9:36  Marine x2  
  57  9:38  Hellion  
  57  9:39  Marine  
  57  9:40  Marine  
  59  9:53  Ghost  
  61  10:08  Command Center  
  61  10:14  Supply Depot  
  61  10:36  Supply Depot, Hellion  
  63  10:57  Widow Mine  
  63  11:00  Supply Depot  
  63  11:14  Nuke x2  
  63  11:18  Ghost  
  63  11:22  Supply Depot  
  65  11:29  Starport Tech Lab  
  65  11:42  Fusion Core  
  65  11:44  SCV  
  65  11:45  Supply Depot  
  66  11:56  SCV  
  67  12:28  Hellion  
  67  14:18  Marine  
  67  14:19  Marine  
  69  14:25  Reaper  
  69  14:26  Ghost  
  72  14:35  Marine  
  72  14:37  Marine  
  74  14:54  Ghost  
  76  15:04  Battlecruiser  
  82  15:19  Hellion  
  84  15:23  Ghost  
  86  15:41  Refinery, Hellion  
  88  15:58  Marine  
  88  16:00  Marine  
  88  16:01  Marine  
  88  16:02  Hellion  
  93  16:08  Battlecruiser  
  99  16:16  Marine  
  99  16:18  Marine  
  100  16:19  Marine  
  102  16:34  Marine  
  102  16:36  Marine  
  104  17:11  Command Center  
  104  17:12  Battlecruiser  
  104  17:14  Marine  
  111  17:16  Marine  
  111  17:17  Marine  
  111  17:18  Marine  
  114  17:32  Marine  
  114  17:33  Marine  
  114  17:34  Marine  
  114  17:35  Marine  
  118  18:16  Command Center  
  118  18:17  Battlecruiser  
  124  18:42  Factory  
  124  18:51  Starport  
  124  19:01  Sensor Tower  
  124  19:08  Marine  
  125  19:10  Marine  
  125  19:11  Marine  
  127  19:25  Marine  
  127  19:27  Marine  
  127  19:29  Marine  
  130  19:31  Armory  
  130  19:42  Factory Tech Lab  
  130  19:48  Medivac  
  132  20:06  Factory Tech Lab  
  132  20:18  Medivac  
  134  20:28  Thor  
  140  20:36  Thor  
  146  20:43  Supply Depot  
  146  20:47  Medivac  
  148  20:52  Planetary Fortress  
  148  21:05  Supply Depot  
  148  21:11  Thor  
  148  21:14  Terran Ship Weapons Level 1  
  154  21:18  Thor  
  160  21:48  Medivac  
  160  21:53  Battlecruiser  
  168  22:23  Thor  
  174  22:51  Marine  
  174  22:53  Marine  
  174  22:57  Siege Tank  
  179  23:06  Thor  
  179  23:09  Marine  
  179  23:10  Marine  
  187  23:29  Siege Tank  
  190  23:47  SCV  
  191  24:00  SCV  
  191  24:01  Siege Tank  
  195  24:12  SCV  
  196  24:24  SCV  
  75  25:45  Thor  
  81  25:51  Starport Tech Lab  
  81  25:55  Marine  
  82  26:00  Battlecruiser  
  82  26:02  Marine  
  89  26:05  Marine  
  89  26:06  Marine  
  91  26:13  Marine  
  90  26:19  Marine  
  90  26:22  Marine  
  90  26:23  Marine  
  93  26:28  Thor  
  93  26:31  Marine  
  100  26:37  Marine  
  101  26:40  Marine  
  101  26:41  Marine  
  103  26:49  Marine  
  103  26:52  Thor  
  110  26:55  Marine  
  110  26:58  Marine  
  110  26:59  Marine  
  113  27:04  Battlecruiser  
  113  27:07  Marine  
  120  27:11  Thor  
  120  27:13  Marine  
  127  27:16  Marine  
  127  27:17  Marine  
  129  27:31  Marine  
  129  27:34  Thor, Marine  
  137  27:49  Marine  
  138  27:51  Marine  
  138  27:53  Thor  
  145  28:09  Thor  
  133  28:36  Thor  
  106  29:08  Thor  
  112  29:12  Marine  
  112  29:14  Marine  
  112  29:15  Marine  
  115  29:17  Marine  
  116  29:30  Marine  
  117  29:32  Marine  
  117  29:33  Marine  
  117  29:35  Marine  
  120  29:47  Marine  
  120  29:50  Marine  
  120  29:51  Marine  
  129  29:53  Marine  
Tags
 
Add a new tag
Caveats
  • Supply blocks, unpowered buildings, or Contaminate may cause inaccurate times.
  • Supply counts are checked every 10 seconds.